 Dungeon Crawl Stone Soup version 0.31-a0-806-g0bc164a743 (webtiles) character file.

Game seed: 12465494545373796977

38 cforsyth the Magician (level 3, 0/28 HPs)
             Began as a Djinni Enchanter on Sept 20, 2023.
             Slain by a rat (3 damage)
             ... on level 2 of the Dungeon.
             The game lasted 00:02:37 (1270 turns).

cforsyth the Magician (Djinni Enchanter)            Turns: 1270, Time: 00:02:38

Health: 0/28       AC:  2    Str:  7    XL:     3   Next: 65%
Gold:   88         EV: 12    Int: 18    God:
                   SH:  0    Dex: 13

rFire   + + .        a - +1 dagger
rCold   x . .        (no shield)
rNeg    . . .        b - +0 robe
rPois   ∞            (no helmet)
rElec   .            (no cloak)
rCorr   .            (no gloves)
SInv    .            (boots unavailable)
Will    .....        (no amulet)
Stlth   ++           k - ring of wizardry
HPRegen 0.24/turn    (no ring)
MPRegen 0.00/turn

%: wizardry (x1), infuse magic (-1 HP)
@: flying
A: sickness immunity, fire resistance 2, cold vulnerability 1, float, innate
caster, HP casting, extra vitality 1
a: no special abilities


You were on level 2 of the Dungeon.
You visited 1 branch of the dungeon, and saw 2 of its levels.

You collected 88 gold pieces.

Inventory:

Hand Weapons
 a - a +1 dagger (weapon)
Armour
 b - a +0 robe (worn)
Jewellery
 k - a ring of wizardry (left hand)
Scrolls
 d - 2 scrolls of summoning {unknown}
 i - a scroll of identify {unknown}
 l - a scroll of teleportation {unknown}
Potions
 c - 2 potions of invisibility
 e - 2 potions of lignification {unknown}
 g - a potion of degeneration {unknown}
 h - a potion of enlightenment {unknown}
 j - a potion of curing {unknown}


   Skills:
 + Level 1.9 Fighting
 - Level 0.8 Short Blades
 - Level 2.1 Dodging
 - Level 2.4 Stealth
 + Level 3.2 Spellcasting
 + Level 3.2 Conjurations
 + Level 3.2 Hexes
   Level 0.0 Charms
 + Level 3.2 Summonings
 + Level 3.2 Necromancy
 + Level 3.2 Translocations
 + Level 3.2 Transmutations
 + Level 3.2 Fire Magic
 + Level 3.2 Ice Magic
 + Level 3.2 Air Magic
 + Level 3.2 Earth Magic
 + Level 3.2 Poison Magic


You knew the following spells:

 Your Spells              Type           Power      Damage    Failure   Level
a - Ensorcelled Hibernat  Hex/Ice        28%        N/A       2%          2
b - Confusing Touch       Hex            14%        N/A       5%          3
c - Tukima's Dance        Hex            14%        N/A       5%          3
d - Dazzling Flash        Conj/Hex       28%        N/A       5%          3
e - Magic Dart            Conj           56%        1d5       1%          1
Your spell library was empty.

Dungeon Overview and Level Annotations

Branches:
Dungeon (2/15)

Altars:
Cheibriados


Innate Abilities, Weirdness & Mutations

You are immune to sickness and miasma.
You are immune to poison.
Your flesh is very heat resistant. (rF++)
You are vulnerable to cold. (rC-)
You float through the air rather than walking.
You learn spells naturally, not from books.
Your magical power is your life essence.
You have superior vitality. (+4 MHP)


Message History

You are too injured to fight recklessly!
You barely miss the adder.
The adder is moderately wounded.
The rat barely misses you. The adder barely misses you.
You closely miss the adder.
The adder is moderately wounded.
The rat barely misses you. The adder bites you.
You hit the adder.
The adder is heavily wounded.
The adder bites you. The rat bites you but does no damage.
You barely miss the adder.
The adder is heavily wounded.
The adder bites you.
* * * LOW HITPOINT WARNING * * *
The rat bites you.
* * * LOW HITPOINT WARNING * * *
The adder closely misses you.
You hit the adder but do no damage.
The adder is heavily wounded.
The rat bites you.
* * * LOW HITPOINT WARNING * * *
The adder closely misses you.
You barely miss the adder.
The adder is heavily wounded.
The rat bites you but does no damage. The adder closely misses you.
You hit the adder.
The adder is heavily wounded.
The adder bites you.
* * * LOW HITPOINT WARNING * * *
The rat bites you.
* * * LOW HITPOINT WARNING * * *
Casting: Ensorcelled Hibernation (safe; 2% risk of failure)
Confirm with . or Enter, or press ? or * to list all spells.
You don't have enough health to cast this spell.
Unknown command.
The air fills with toxic fumes!
As you read the scroll labelled XULU BIECAPP, it crumbles to dust.
It was a scroll of poison.
The adder bites you but does no damage. The rat bites you.
You die...

..................###(...
.§§.###§§§§...##).......
..§§ #§§§###...........
..§###§§§§#####........
###.§§§§§§§.#####.......
..S..§§§§§..............
......§w§....####.......
.....#S###### #.......
######@# #....... #r#
#....... §§§ ########
§§§§§ ##§§§§§ #§§§§§§
#§§§§§§§ #§§§§§§§§


You could see an adder, a dart slug and a rat.

Vanquished Creatures
  An adder (D:1)
  A worm (D:2)
  3 endoplasms (D:1)
  2 goblins (D:1)
  4 hobgoblins (D:1)
  2 jackals (D:1)
  4 ball pythons (D:1)
  4 bats
  4 kobolds
  A rat (D:1)
26 creatures vanquished.

Notes
Turn   | Place    | Note
-------+----------+-------------------------------------------
     0 | D:1      | cforsyth the Djinni Enchanter began the quest for the Orb.
     0 | D:1      | cforsyth set off with the following spells memorised:
                  | Ensorcelled Hibernation, Confusing Touch, Tukima's Dance,
                  | Dazzling Flash.
     0 | D:1      | Reached XP level 1. HP: 15/15 MP: 0/0
   201 | D:1      | Reached XP level 2. HP: 21/22 MP: 0/0
   248 | D:1      | Reached skill level 1 in Fighting
   726 | D:1      | Found a faded altar of an unknown god.
   772 | D:1      | Reached XP level 3. HP: 24/27 MP: 0/0
   772 | D:1      | Learned a level 1 spell: Magic Dart
  1180 | D:2      | Found a snail-covered altar of Cheibriados.
  1270 | D:2      | Slain by a rat

Illustrated notes

Levels and vault maps discovered:
D:1:      ldierk_walled_garden, layout_basic,
          dreamdust_ecumenical_altar_hidden_monk_grotto
D:2:      layout_rooms, basic_altar, hangedman_decor_push, nicolae_titane

Skill      XL: |  1  2 |
---------------+-------+-----
Spellcasting   | 3 |  3.2
Conjurations   | 3 |  3.2
Hexes          | 3 |  3.2
Summonings     | 3 |  3.2
Necromancy     | 3 |  3.2
Translocations | 3 |  3.2
Transmutations | 3 |  3.2
Fire Magic     | 3 |  3.2
Ice Magic      | 3 |  3.2
Air Magic      | 3 |  3.2
Earth Magic    | 3 |  3.2
Poison Magic   | 3 |  3.2
Fighting       | 1 |  1.9
Short Blades   | |  0.8
Dodging        | |  2.1
Stealth        | |  2.4

Action                     || total
---------------------------++-------
  Melee: Dagger            ||   138
         Punch             ||     1
   Cast: Ensorcelled Hiber ||     4
         Dazzling Flash    ||     1
    Use: Scroll            ||     1
   Stab: Sleeping          ||     5
 Armour: Robe              ||    91
  Dodge: Dodged            ||   118

Table legend: (Time is in decaauts)
 A = Elapsed time spent in this place.
 B = Non-inter-level travel time spent in this place.
 C = Inter-level travel time spent in this place.
 D = Time resting spent in this place.
 E = Time spent auto-exploring this place.
 F = Levels seen in this place.
 G = Mean time per level.
                   A        B        C        D        E       F      G
               +--------+--------+--------+--------+--------+-----+--------+
         Total |   1265 |   1233 |     32 |    301 |    661 |   2 |  632.5 |
       Dungeon |   1265 |   1233 |     32 |    301 |    661 |   2 |  632.5 |
               +--------+--------+--------+--------+--------+-----+--------+

Top non-repeatable levels by time:
     D:1: 1093 daAuts
     D:2: 172 daAuts
